 Dungeon Crawl Stone Soup version 0.27-a0-103-g6cd7b45605 (webtiles) character file.

Game seed: 12267107243876789049

29 knot the Chopper (level 3, 28/29 HPs)
             Began as a Demonspawn Berserker on Jan 23, 2021.
             Was a Follower of Trog.
             Quit the game on level 1 of the Dungeon.
             The game lasted 00:00:38 (1245 turns).

knot the Chopper (Demonspawn Berserker)             Turns: 1245, Time: 00:00:38

Health: 28/29      AC:  2    Str: 17    XL:     3   Next: 1%
Magic:  3/3        EV: 12    Int:  9    God:    Trog [*.....]
Gold:   10         SH:  0    Dex: 12    Spells: 2/2 levels left

rFire    . . .     SeeInvis .   a - +0 hand axe
rCold    . . .     Faith    .   (no shield)
rNeg     . . .     Spirit   .   b - +0 animal skin
rPois    .         Reflect  .   (no helmet)
rElec    .         Harm     .   (no cloak)
rCorr    .         Rampage  .   (no gloves)
Will     .....                  (no boots)
Stlth    +.........             (no amulet)
HPRegen  0.09/turn              (no ring)
MPRegen  0.08/turn              (no ring)

@: no status effects
A: demonic guardian 1, sturdy frame 1
a: Renounce Religion, Berserk


You were on level 1 of the Dungeon.
You worshipped Trog.
Trog was aware of your devotion.
You visited 1 branch of the dungeon, and saw 1 of its levels.

You collected 10 gold pieces.

Inventory:

Hand Weapons
 a - a +0 hand axe (weapon)
Missiles
 d - 33 stones
 e - 23 sling bullets
Armour
 b - a +0 animal skin (worn)
Jewellery
 c - a +6 ring of intelligence {unknown}
Scrolls
 f - a scroll of enchant armour {unknown}
 g - a scroll of remove curse {unknown}


   Skills:
 - Level 3.0 Fighting
 + Level 3.8 Axes
 - Level 1.7 Armour
 - Level 1.7 Dodging


You had 2 spell levels left.
You didn't know any spells.
Your spell library was empty.

Dungeon Overview and Level Annotations

Branches:
Dungeon (1/15)

Altars:


Innate Abilities, Weirdness & Mutations

A weak demonic guardian rushes to your aid.
Your movements are slightly less encumbered by armour. (ER -2)


Message History

You start waiting.
d - 30 stones (gained 2)
d - 33 stones (gained 3)
A leopard gecko comes into view.
A leopard gecko is nearby!
A leopard gecko is nearby!
A bat comes into view.
The leopard gecko hisses angrily.
There are monsters nearby!
The bat hits you.
Found 10 gold pieces.
You hit the bat.
You kill the bat!
Trog accepts your kill.
You have reached level 3!
Your experience leads to an increase in your attributes!
Increase (S)trength, (I)ntelligence, or (D)exterity?
You feel clever.
Your demonic ancestry asserts itself...
You feel the presence of a demonic guardian.
Are you sure you want to abandon this character and quit the game? (Confirm with "yes".)

#.# #.###. #.#
###$# ### #.....
#.# #.... ..#
#.#### #.#
#.#.###.# #.# #.#
#....##.#######.#
#.....#.#.......#
...##.#.####### #
#†#)..#.#
#.###.#@#...#.#
....l.........# #
#.≈≈≈≈.≈≈≈≈≈).# #
#.≈≈≈≈.≈≈≈≈≈..# #
#.≈≈≈≈.≈≈≈≈≈.## #
..≈≈≈≈.≈≈≈≈≈.# #
#.≈≈≈≈.......# #
......!.≈≈≈≈.# #
..≈≈≈≈≈.≈≈≈≈..


You could see a leopard gecko.

Vanquished Creatures
  2 dart slugs (D:1)
  A leopard gecko (D:1)
  4 goblins (D:1)
  2 hobgoblins (D:1)
  2 jackals (D:1)
  5 kobolds (D:1)
  3 bats (D:1)
  A frilled lizard (D:1)
  2 rats (D:1)
22 creatures vanquished.

Notes
Turn   | Place    | Note
-------+----------+-------------------------------------------
     0 | D:1      | knot the Demonspawn Berserker began the quest for the Orb.
     0 | D:1      | Reached XP level 1. HP: 18/18 MP: 1/1
   464 | D:1      | Gained mutation: Your movements are slightly less
                  | encumbered by armour. (ER -2) [demonic ancestry]
   464 | D:1      | Reached XP level 2. HP: 24/24 MP: 2/2
  1245 | D:1      | Gained mutation: A weak demonic guardian rushes to your
                  | aid. [demonic ancestry]
  1245 | D:1      | Reached XP level 3. HP: 28/29 MP: 3/3
  1245 | D:1      | Quit the game

Illustrated notes

Levels and vault maps discovered:
D:1:      minmay_arrival_plants_in_alcoves, layout_loops_corners, minivault_14

Skill      XL: |  1 |
---------------+----+-----
Axes           | 3 |  3.8
Fighting       | |  3.0
Armour         | |  1.7
Dodging        | |  1.7

Action                   || total
-------------------------++-------
Melee: Hand axe          ||    64
Invok: Berserk           ||     1
 Stab: Sleeping          ||     1
Armor: Animal skin       ||    11
Dodge: Dodged            ||    43

Table legend: (Time is in decaauts)
 A = Elapsed time spent in this place.
 B = Non-inter-level travel time spent in this place.
 C = Inter-level travel time spent in this place.
 D = Time resting spent in this place.
 E = Time spent auto-exploring this place.
 F = Levels seen in this place.
 G = Mean time per level.
                   A        B        C        D        E       F      G
               +--------+--------+--------+--------+--------+-----+--------+
         Total |   1260 |   1260 |      0 |    233 |    886 |   1 | 1260.0 |
       Dungeon |   1260 |   1260 |      0 |    233 |    886 |   1 | 1260.0 |
               +--------+--------+--------+--------+--------+-----+--------+

Top non-repeatable levels by time:
     D:1: 1260 daAuts
